 Dungeon Crawl Stone Soup version 0.31-a0-667-g39726597b9 (webtiles) character file.

Game seed: 13235552650549082909

1450 Conn the Conjurer (level 8, -2/103 HPs)
             Began as an Octopode Fire Elementalist on Sept 4, 2023.
             Slain by a gnoll
             ... wielding a +1 spear of freezing
              (6 damage)
             ... on level 6 of the Dungeon.
             The game lasted 00:11:00 (5297 turns).

Conn the Conjurer (Octopode Fire Elementalist)      Turns: 5297, Time: 00:11:04

Health: -2/103     AC: 24    Str:  8    XL:     8   Next: 75%
Magic:  2/16       EV:  2    Int: 19    God:
Gold:   305        SH:  0    Dex: 18    Spells: 12/18 levels left

rFire   . . .        k - +4 whip (venom)
rCold   . . .        (no shield)
rNeg    . . .        (helmet currently unavailable)
rPois   +            (no amulet)
rElec   .            n - +6 ring of dexterity
rCorr   .            (no ring)
SInv    .            (no ring)
Will    .....        (no ring) Stlth
                     (no ring)
HPRegen 0.37/turn    (no ring)
MPRegen 0.15/turn    (no ring)
                     (no ring)

%: no passive effects
@: berserking, tree-form, very quick
A: stationary, stasis, torment immunity, boosted hp, almost no armour,
(amphibious), 8 rings, (camouflage 1), (gelatinous body 1), (nimble swimmer 1),
(tentacles)
a: no special abilities


You were on level 6 of the Dungeon.
You were a tree.
You visited 2 branches of the dungeon, and saw 7 of its levels.

You collected 305 gold pieces.

Inventory:

Hand Weapons
 b - a +0 short sword
 k - a +4 whip of venom (weapon)
Missiles
 x - a curare-tipped dart
Armour
 s - a +0 buckler
Jewellery
 n - a +6 ring of dexterity (left branch)
Wands
 v - a wand of iceblast (11)
Scrolls
 c - a scroll of blinking
 d - 6 scrolls of identify {unknown}
 f - a scroll of amnesia {unknown}
 g - 2 scrolls of teleportation
 j - 2 scrolls of poison
 l - a scroll of vulnerability {unknown}
 m - a scroll of enchant armour {unknown}
 q - a scroll of noise {unknown}
 t - a scroll of torment {unknown}
 u - a scroll of fog {unknown}
Potions
 a - 2 potions of magic
 h - a potion of cancellation {unknown}
 i - a potion of invisibility {unknown}
 o - a potion of heal wounds {unknown}
 p - a potion of degeneration {unknown}
 r - a potion of lignification
 w - a potion of haste {unknown}


   Skills:
 + Level 4.6 Dodging
 - Level 4.0 Stealth
 * Level 5.6 Spellcasting
 * Level 5.9 Conjurations
 + Level 5.2 Fire Magic


You had 12 spell levels left.
You knew the following spells:

 Your Spells              Type           Power      Damage    Failure   Level
a - Foxfire               Conj/Fire      100%       2x1d9     1%          1
b - Scorch                Fire           50%        2d7       1%          2
c - Inner Flame           Hex/Fire       15%        N/A       12%         3

Your spell library contained the following spells:

 Spells                   Type           Power      Damage    Failure   Level
 Slow                     Hex            20%        N/A       12%         1
 Volatile Blastmotes      Fire/Tloc      30%        2d12      12%         3
 Flame Wave               Conj/Fire      26%        2d8       12%         4
 Confusing Touch          Hex            5%         N/A       34%         3
 Vampiric Draining        Necr           5%         2d6       34%         3
 Summon Cactus Giant      Summ           2%         N/A       100%        6


Dungeon Overview and Level Annotations

Branches:
Dungeon (6/15)             Temple (1/1) D:5

Altars:
Ashenzari
Cheibriados
Elyvilon
Gozag
Hepliaklqana
Kikubaaqudgha
Makhleb
Okawaru
Qazlal
Ru
Trog
Vehumet
Wu Jian
Xom
Yredelemnul
Zin
The Shining One

Shops:
D:3 *   D:5 *


Innate Abilities, Weirdness & Mutations

You are a tree.
Your roots penetrate the ground, keeping you stationary.
You cannot be teleported.
You are immune to unholy pain and torment.
Your maximum health is greatly increased.
You cannot wear most types of armour.
((You are amphibious.))
You can wear up to eight rings at the same time.
((Your skin changes colour to match your surroundings (Stealth+).))
((Your rubbery body absorbs attacks. (AC +1, EV +1)))
((You are camouflaged when in or above water. (Stealth+)))
((You have tentacles for arms and can constrict up to eight enemies at once.))


Message History

The orc warrior hits you but does no damage.
As you read the scroll labelled QALU HIONAGAOKET, it crumbles to dust.
You feel a strange sense of stasis.
It was a scroll of teleportation.
The gnoll completely misses you.
The orc priest hits you but does no damage.
The orc warrior hits you with a +0 hand axe.
* * * LOW HITPOINT WARNING * * *
Okay, then.
Unknown command.
Unknown command.
Unknown command.
Casting: Scorch (safe; 1% risk of failure)
Confirm with . or Enter, or press ? or * to list all spells.
Okay, then.
Unknown command.
Okay, then.
Unknown command.
The air fills with toxic fumes!
As you read the scroll labelled YZECYG WYSTRO, it crumbles to dust.
It was a scroll of poison.
The orc priest looks encouraged for a moment.
The orc warrior hits you with a +0 hand axe!
* * * LOW HITPOINT WARNING * * *
A gnoll comes into view.
It is wielding a +0 whip of electrocution.
It was a potion of berserk rage.
A red film seems to cover your vision as you go berserk!
You feel yourself moving faster!
You feel mighty!
You whack the orc priest!
You kill the orc priest!
You barely miss the gnoll.
The gnoll hits you but does no damage. x2
The orc warrior barely misses you.
You closely miss the gnoll. You whack the gnoll!
The gnoll is poisoned.
The gnoll is severely wounded.
The gnoll hits you with a +0 whip of electrocution.
* * * LOW HITPOINT WARNING * * *
You are electrocuted!
* * * LOW HITPOINT WARNING * * *
The gnoll hits you from afar with a +1 spear of freezing.
You die...

#.#............######...# #..
#.#....>.#§§§§☼# #..)###.# #
#.#......#.§§§§# #....##.##.##
#.####......§§§☼# ##...........
..# #.###...§☼§# ##..#..##.##
### #...#....§§###
####.##.##... ####.#.......§§§
.....##....#.
#....##....[.#§######§.........
###.####
..#####♣o§§§§§§..#.####. #...#
.# ##g§§§§§#..#.## ..######
...?...g###§☼§.....# .........
.......## #..§.....# ########.
....... #........# .......
#........# ..o.... #........#
....... ######..### .......
#.....#


You could see an orc warrior and 2 gnolls.

Vanquished Creatures
  A water moccasin (D:6)
  2 black bears (D:6)
  An ice beast (D:6)
  A phantom (D:4)
  A kobold brigand (D:5)
  2 bullfrogs (D:6)
  6 scorpions
  2 hounds (D:5)
  A jelly (D:6)
  3 orc priests
  A sleepcap (D:4)
  An iguana (D:6)
  7 adders
  2 white imps
  An ufetubus (D:5)
  3 adder skeletons (D:2)
  A worm (D:3)
  2 dart slugs
  12 orcs
  A bat skeleton (D:2)
  5 endoplasms
  5 giant cockroaches
  6 goblins
  8 hobgoblins
  3 jackals (D:2)
  5 quokkas
  9 ball pythons
  3 ball python skeletons (D:2)
  A ball python zombie (D:2)
  5 bats
  4 frilled lizards
  A jackal skeleton (D:2)
  13 kobolds
  A quokka zombie (D:2)
  2 rats
122 creatures vanquished.

Vanquished Creatures (others)
  223 foxfires
223 creatures vanquished.

Grand Total: 345 creatures vanquished

Notes
Turn   | Place    | Note
-------+----------+-------------------------------------------
     0 | D:1      | Conn the Octopode Fire Elementalist began the quest for the
                  | Orb.
     0 | D:1      | Reached XP level 1. HP: 11/11 MP: 3/3
    60 | D:1      | Reached XP level 2. HP: 14/17 MP: 0/5
   618 | D:1      | Found a faded altar of an unknown god.
   653 | D:1      | Reached XP level 3. HP: 18/21 MP: 6/6
  1216 | D:2      | Reached XP level 4. HP: 27/27 MP: 7/7
  1935 | D:2      | Learned a level 2 spell: Scorch
  1939 | D:2      | Learned a level 3 spell: Inner Flame
  2120 | D:3      | Found Rixurr's General Store.
  2323 | D:3      | Reached XP level 5. HP: 31/31 MP: 5/9
  3046 | D:4      | Reached XP level 6. HP: 36/36 MP: 6/10
  3370 | D:4      | Found a snail-covered altar of Cheibriados.
  3621 | D:5      | Entered Level 5 of the Dungeon
  3627 | D:5      | Found Etisoven's Gadget Gallery.
  3660 | D:5      | Reached XP level 7. HP: 17/41 MP: 3/12
  4362 | D:5      | Found a staircase to the Ecumenical Temple.
  4373 | Temple   | Entered the Ecumenical Temple
  4619 | D:6      | Reached XP level 8. HP: 10/46 MP: 6/15
  4787 | D:6      | Reached skill level 5 in Conjurations
  4852 | D:6      | Reached skill level 5 in Spellcasting
  5011 | D:6      | Reached skill level 5 in Fire Magic
  5297 | D:6      | HP: 4/103 [gnoll/+0 whip of electrocution (11)]
  5297 | D:6      | Slain by a gnoll

Illustrated notes

Levels and vault maps discovered:
D:1:      eino_arrival_cavern_d, layout_basic, shapermc_ecumenical_altar_gd
D:2:      layout_loops_corners, serial_undead, serial_undead_f, serial_undead_e,
          serial_undead_a, serial_undead_f, serial_undead_b, serial_undead_f,
          serial_undead_b, serial_undead_a, minivault_14,
          minmay_misc_feat_enclosed
D:3:      layout_loops_ring, serial_shops, shop
D:4:      layout_rooms, lemuel_tele_altar
D:5:      layout_loops_ring, minmay_temple_entry_antechambers,
          nicolae_shop_gadgets
D:6:      layout_rooms
Temple:   kb_temple_of_zot

Skill      XL: |  1  2  3  4  5  6  7  8 |
---------------+-------------------------+-----
Stealth        | 3 4 |  4.0
Conjurations   | 2 3 4 5 |  5.9
Spellcasting   | 3 4 5 |  5.6
Dodging        | 3 4 |  4.6
Fire Magic     | 4 5 |  5.2

Action                     |  1- 3 |  4- 6 |  7- 9 || total
---------------------------+-------+-------+-------++-------
  Melee: Tentacles         |     9 |    18 |     7 ||    34
         Constrict         |     9 |    16 |     6 ||    31
         Unarmed           |     1 |       |       ||     1
         Short sword       |    39 |    33 |       ||    72
         Punch             |     1 |     1 |       ||     2
         Whip              |       |    21 |    32 ||    53
   Cast: Foxfire           |    33 |    93 |    10 ||   136
         Scorch            |       |     3 |    35 ||    38
  Evoke: Wand              |       |       |     3 ||     3
    Use: Potion            |       |       |     3 ||     3
         Scroll            |       |       |     3 ||     3
   Stab: Sleeping          |    12 |     7 |     2 ||    21
 Armour: Skin              |    14 |    14 |    52 ||    80
  Dodge: Dodged            |    36 |    36 |    57 ||   129

Table legend: (Time is in decaauts)
 A = Elapsed time spent in this place.
 B = Non-inter-level travel time spent in this place.
 C = Inter-level travel time spent in this place.
 D = Time resting spent in this place.
 E = Time spent auto-exploring this place.
 F = Levels seen in this place.
 G = Mean time per level.
                   A        B        C        D        E       F      G
               +--------+--------+--------+--------+--------+-----+--------+
         Total |   5305 |   5169 |    136 |    129 |   3820 |   7 |  757.9 |
       Dungeon |   5256 |   5130 |    126 |    129 |   3820 |   6 |  876.0 |
        Temple |     48 |     38 |     10 |      0 |      0 |   1 |   48.0 |
               +--------+--------+--------+--------+--------+-----+--------+

Top non-repeatable levels by time:
     D:2: 1173 daAuts
     D:5: 944 daAuts
     D:1: 884 daAuts
     D:4: 834 daAuts
     D:3: 727 daAuts
     D:6: 691 daAuts
  Temple: 48 daAuts
